 Dungeon Crawl Stone Soup version 0.30-a0-728-gc68057be0a (webtiles) character file.

Game seed: 17875136286613784391

4399 Dittersdorf the Protected (level 10, -2/65 HPs)
             Began as a Gargoyle Fighter on Jan 31, 2023.
             Was a Priest of Okawaru.
             Slain by a wight
             ... wielding a +2 great sword
              (14 damage)
             ... on level 8 of the Dungeon.
             The game lasted 00:09:34 (7033 turns).

Dittersdorf the Protected (Gargoyle Fighter)        Turns: 7033, Time: 00:09:35

Health: -2/65      AC: 20    Str: 24    XL:     10   Next: 35%
Magic:  10/10      EV:  9    Int:  9    God:    Okawaru [***...]
Gold:   360        SH:  6    Dex: 15    Spells: 9/9 levels left

rFire   . . .      SeeInvis .    t - +2 flail (drain)
rCold   . . .      Faith    .    c - +0 buckler
rNeg    + . .      Spirit   .    b - +0 scale mail
rPois   ∞          Reflect  .    r - +2 hat {Stlth+}
rElec   +          Harm     .    u - +0 cloak
rCorr   +          Rampage  .    (no gloves)
Will    .....                    B - +0 pair of boots
Stlth   +                        C - amulet of the acrobat
HPRegen 0.30/turn                z - ring of resist corrosion
MPRegen 0.12/turn                D - +6 ring of dexterity

@: no status effects
A: sickness immunity, AC +7, negative energy resistance 1, electricity
resistance, torment resistance 1, petrification resistance
a: Renounce Religion, Heroism


You were on level 8 of the Dungeon.
You worshipped Okawaru.
Okawaru was most pleased with you.
You visited 2 branches of the dungeon, and saw 9 of its levels.

You collected 360 gold pieces.

Inventory:

Hand Weapons
 t - a +2 flail of draining (weapon)
Missiles
 A - 4 curare-tipped darts (quivered)
Armour
 b - a +0 scale mail (worn)
 c - a +0 buckler (worn)
 m - a +0 plate armour
 r - a +2 hat of stealth (worn)
 u - a +0 cloak (worn)
 B - a +0 pair of boots (worn)
Jewellery
 z - a ring of resist corrosion (left hand)
 C - an amulet of the acrobat (around neck)
 D - a +6 ring of dexterity (right hand)
Wands
 y - a wand of light (5)
Scrolls
 e - 2 scrolls of amnesia {unknown}
 f - a scroll of fear {unknown}
 g - 2 scrolls of fog {unknown}
 h - 2 scrolls of poison {unknown}
 l - 2 scrolls of magic mapping
 n - 7 scrolls of teleportation
 p - a scroll of enchant weapon {unknown}
 x - 2 scrolls of vulnerability {unknown}
Potions
 a - a potion of brilliance
 d - 2 potions of might
 i - a potion of heal wounds
 j - a potion of invisibility {unknown}
 k - 2 potions of mutation {unknown}
 o - 5 potions of curing
 q - 2 potions of ambrosia {unknown}
 s - 2 potions of resistance {unknown}
 v - 3 potions of flight {unknown}
 w - a potion of cancellation


   Skills:
 + Level 8.8 Fighting
 + Level 7.7 Maces & Flails
 + Level 8.8 Armour
 + Level 8.8 Shields


You had 9 spell levels left.
You didn't know any spells.
Your spell library contained the following spells:

 Spells                   Type           Power      Damage    Failure   Level
 Shock                    Conj/Air       0%         1d3       71%         1
 Frozen Ramparts          Ice            0%         1d1       97%         3
 Inner Flame              Hex/Fire       0%         N/A       97%         3
 Portal Projectile        Hex/Tloc       0%         N/A       97%         3
 Swiftness                Air            0%         N/A       97%         3
 Airstrike                Air            0%         2d(0-16)  100%        4
 Cause Fear               Hex            0%         N/A       100%        4
 Ice Form                 Ice/Tmut       0%         N/A       100%        4
 Blade Hands              Tmut           0%         N/A       100%        5
 Discord                  Hex            0%         N/A       100%        8
 Tukima's Dance           Hex            Unusable   N/A       N/A         3
 Summon Ice Beast         Ice/Summ       Unusable   N/A       N/A         4

Dungeon Overview and Level Annotations

Branches:
Dungeon (8/15)             Temple (1/1) D:5
   Lair: D:8-11

Altars:
Cheibriados
Dithmenos
Hepliaklqana
Kikubaaqudgha
Okawaru
Sif Muna
Trog
Vehumet
Yredelemnul
The Shining One

Annotations:
D:6 2 transporters, Gadrel's ghost, novice GrRe
D:8 3 runed translucent doors, MrSquiggles's ghost, novice MiBr


Innate Abilities, Weirdness & Mutations

You are immune to sickness and miasma.
Your stone body is resilient. (AC +7)
You are immune to poison.
You resist negative energy. (rN+)
You are resistant to electric shocks. (rElec)
You are resistant to unholy torment.
You are immune to petrification.


Message History

The wight is moderately damaged.
The wight hits you but does no damage.
The wight hits you with a +2 great sword.
You hit the wight.
The wight is severely damaged.
The wight hits you but does no damage.
The wight hits you with a +2 great sword.
* * * LOW HITPOINT WARNING * * *
You closely miss the wight.
The wight is severely damaged.
The wight hits you but does no damage.
The wight hits you with a +2 great sword.
* * * LOW HITPOINT WARNING * * *
You hit the wight but do no damage.
The wight is severely damaged.
The wight hits you with a +0 dagger.
* * * LOW HITPOINT WARNING * * *
The wight hits you with a +2 great sword.
* * * LOW HITPOINT WARNING * * *
You hit the wight but do no damage.
The wight is severely damaged.
The wight barely misses you. x2
You barely miss the wight.
The wight is severely damaged.
The wight closely misses you. The wight hits you but does no damage.
You barely miss the wight.
The wight is severely damaged.
You block the wight's attack. The wight barely misses you.
You closely miss the wight.
The wight is severely damaged.
The wight closely misses you. The wight misses you.
You sock the wight!
You destroy the wight!
Okawaru accepts your kill. You block the wight's attack.
You closely miss the wight. The wight barely misses you.
You hit the wight.
The wight is lightly damaged.
The wight hits you with a +2 great sword!
You die...

#......# #......#
#......#...# #......+...# . '
######......#...#.. .#
#....#......#...#. ..#
#....#......#...' ...#
#....#...@z.# ..# ....#
#.....#....#...)).###)#.....#
#.....#....######...).......#
#.....###'###...#...........'
#.....#....##...#...........#
#.....#.....#...'......##'###
#.....#....##...#......# ..
#.....#....####'######## .#
#.....'....)[.......... #


You could see a wight.

Vanquished Creatures
  Gastronok (D:8)
  A cyclops (D:7)
  A wyvern (D:7)
  Eustachio (D:6)
  A sky beast (D:6)
  3 ice beasts
  An orc warrior (D:5)
  3 black bears
  A phantom (D:5)
  3 scorpions
  7 wights
  8 killer bees
  A howler monkey (D:5)
  2 gnoll boudas
  2 hounds (D:5)
  4 orc priests
  2 jellies (D:5)
  2 iguanas
  9 orc wizards
  16 gnolls
  13 adders
  2 shadow imps
  2 white imps
  An ufetubus (D:4)
  3 worms
  2 dart slugs
  23 orcs
  9 endoplasms
  6 giant cockroaches
  6 goblins
  8 hobgoblins
  10 kobolds
  A quokka (D:4)
  7 ball pythons
  4 bats
  4 frilled lizards
  5 rats
175 creatures vanquished.

Vanquished Creatures (others)
  25 plants (D:4)
25 creatures vanquished.

Grand Total: 200 creatures vanquished

Notes
Turn   | Place    | Note
-------+----------+-------------------------------------------
     0 | D:1      | Dittersdorf the Gargoyle Fighter began the quest for the
                  | Orb.
     0 | D:1      | Reached XP level 1. HP: 14/14 MP: 1/1
    97 | D:1      | Reached XP level 2. HP: 19/19 MP: 2/2
   491 | D:2      | Reached XP level 3. HP: 23/23 MP: 3/3
   656 | D:2      | Reached XP level 4. HP: 29/29 MP: 4/4
  1532 | D:3      | Reached XP level 5. HP: 20/33 MP: 5/5
  2057 | D:4      | Reached XP level 6. HP: 23/39 MP: 6/6
  2844 | D:5      | Entered Level 5 of the Dungeon
  2875 | D:5      | Reached skill level 5 in Fighting
  2875 | D:5      | Reached skill level 5 in Armour
  2875 | D:5      | Reached skill level 5 in Shields
  2875 | D:5      | Reached XP level 7. HP: 44/44 MP: 7/7
  2965 | D:5      | Found a staircase to the Ecumenical Temple.
  2972 | Temple   | Entered the Ecumenical Temple
  2981 | Temple   | Became a worshipper of Warmaster Okawaru
  3564 | D:5      | Reached XP level 8. HP: 51/51 MP: 8/8
  3717 | D:5      | Found a shimmering blue altar of Sif Muna.
  3729 | D:5      | Reached skill level 5 in Maces & Flails
  3755 | D:5      | Found an ancient bone altar of Kikubaaqudgha.
  3764 | D:5      | Found a radiant altar of Vehumet.
  3769 | D:5      | Reached * piety under Okawaru
  3982 | D:6      | Noticed Eustachio
  3998 | D:6      | Killed Eustachio
  4410 | D:6      | Reached XP level 9. HP: 56/56 MP: 9/9
  4417 | D:6      | Found a transporter.
  4422 | D:6      | Found a transporter.
  4422 | D:6      | Noticed Gadrel's ghost (novice GrRe)
  4424 | D:6      | Noticed a deep elf pyromancer
  5492 | D:8      | Noticed MrSquiggles's ghost (novice MiBr)
  5492 | D:8      | Found a runed translucent gate.
  5492 | D:8      | Found a runed translucent gate.
  5492 | D:8      | Found a runed translucent gate.
  5629 | D:8      | Reached ** piety under Okawaru
  5701 | D:7      | Found a bloodstained altar of Trog.
  5710 | D:7      | Found a basalt altar of Yredelemnul.
  5721 | D:7      | Noticed a cyclops
  5733 | D:7      | Killed a cyclops
  6763 | D:8      | Noticed Gastronok
  6913 | D:8      | Killed Gastronok
  6913 | D:8      | Reached *** piety under Okawaru
  6914 | D:8      | Reached XP level 10. HP: 46/65 MP: 8/10
  7033 | D:8      | Slain by a wight

Illustrated notes

Levels and vault maps discovered:
D:1:      mrwooster_arrival_statue_2, layout_rooms
D:2:      layout_rooms, chequers_serial_rivers_small_b, minmay_quantized
D:3:      layout_basic
D:4:      layout_rooms, serial_bayou, serial_bayou_lagoon_b,
          serial_bayou_lake_a, serial_bayou_shore_b, serial_bayou_shore_b,
          serial_bayou_crossing, serial_bayou_shore_b
D:5:      layout_loops_ring, palyth_temple_overflow_mages,
          minmay_temple_entry_arrows
D:6:      layout_loops_cross, gammafunk_ghost_arena, uniq_eustachio
D:7:      layout_rooms, mainiacjoe_overflow_swirl, serial_co_window_serial,
          co_window_of_opportunity_a, co_window_of_opportunity_a,
          co_window_paths_a, co_window_corner_a, co_window_corner_a,
          co_window_2corner, co_window_paths_c, co_window_corner_b,
          co_window_4corner_b, co_window_4corner_a, glass_columns_c,
          glass_columns_a, glass_columns_b, glass_columns_a, serial_park_tiny_2,
          glass_columns_a
D:8:      layout_gridville, gammafunk_ghost_ooze, uniq_gastronok, uniq_pikel
Temple:   compressed_dpeg_triangle_lava_temple

Skill      XL: |  1  2  3  4  5  6  7  8  9 |
---------------+----------------------------+-----
Fighting       | 4 5 6 8 |  8.8
Armour         | 4 5 6 8 |  8.8
Shields        | 4 5 6 8 |  8.8
Maces & Flails | 3 4 5 7 |  7.7

Action                     |  1- 3 |  4- 6 |  7- 9 | 10-12 || total
---------------------------+-------+-------+-------+-------++-------
  Melee: Flail             |    92 |   223 |   356 |    28 ||   699
  Throw: Dart              |       |       |     1 |       ||     1
 Invoke: Heroism           |       |       |     1 |       ||     1
    Use: Scroll            |       |       |     7 |       ||     7
 Armour: Scale mail        |    51 |   139 |   316 |    12 ||   518
  Dodge: Dodged            |    40 |   129 |   250 |    20 ||   439
  Block: Buckler           |    17 |    62 |   114 |    10 ||   203

Table legend: (Time is in decaauts)
 A = Elapsed time spent in this place.
 B = Non-inter-level travel time spent in this place.
 C = Inter-level travel time spent in this place.
 D = Time resting spent in this place.
 E = Time spent auto-exploring this place.
 F = Levels seen in this place.
 G = Mean time per level.
                   A        B        C        D        E       F      G
               +--------+--------+--------+--------+--------+-----+--------+
         Total |   7249 |   6769 |    480 |    888 |   4223 |   9 |  805.4 |
       Dungeon |   7213 |   6739 |    474 |    888 |   4223 |   8 |  901.6 |
        Temple |     36 |     30 |      6 |      0 |      0 |   1 |   36.0 |
               +--------+--------+--------+--------+--------+-----+--------+

Top non-repeatable levels by time:
     D:5: 1442 daAuts
     D:6: 1217 daAuts
     D:7: 1152 daAuts
     D:4: 996 daAuts
     D:3: 867 daAuts
     D:2: 676 daAuts
     D:1: 493 daAuts
     D:8: 368 daAuts
  Temple: 36 daAuts
